 Dungeon Crawl Stone Soup version 0.22.0-25-g7663229 (webtiles) character file.

104881 kuniqs the Lord of Darkness (level 16, -2/92 HPs)
             Began as a Kobold Summoner on Aug 20, 2018.
             Was the Champion of Kikubaaqudgha.
             Slain by a ghost moth (10 damage)
             ... on level 4 of the Spider Nest.
             The game lasted 01:26:56 (32146 turns).

kuniqs the Lord of Darkness (Kobold Summoner)      Turns: 32146, Time: 01:26:57

Health: -2/92      AC:  5    Str: -3 (2)  XL:     16   Next: 94%
Magic:  0/39       EV: 22    Int: 21      God:    Kikubaaqudgha [******]
Gold:   320        SH:  6    Dex: 15 (16) Spells: 2/36 levels left

rFire    + . .     SeeInvis .   W - +12 Vampire's Tooth {vamp}
rCold    + + +     Gourm    .   a - +0 buckler
rNeg     + . .     Faith    .   S - +1 robe {rC+ rF+}
rPois    .         Spirit   .   n - +0 helmet
rElec    +         Reflect  .   e - +2 cloak {+Inv}
rCorr    .         Harm     .   M - +0 pair of gloves
MR       ++++.                  o - +2 pair of boots {Fly}
Stlth    +++++.....             q - amulet "Pashrats" {rElec rN+ MR+++ Regen+ Str-5}
HPRegen  0.16/turn              V - +6 ring of protection
MPRegen  0.26/turn              z - ring "Xewuam" {*Corrode rC++ MP+9}

@: corroded, very slightly contaminated, slowed, lost strength, very slow
A: small, carnivore
a: Receive Corpses, Torment, Renounce Religion, Evoke Invisibility, Evoke Flight


You were on level 4 of the Spider Nest.
You worshipped Kikubaaqudgha.
Kikubaaqudgha was exalted by your worship.
You were very full.

You visited 5 branches of the dungeon, and saw 28 of its levels.

You collected 2868 gold pieces.
You spent 2548 gold pieces at shops.

Inventory:

Hand Weapons
 W - the +12 Vampire's Tooth (weapon) {vamp}
   (You bought it in a shop on level 12 of the Dungeon)

   It inflicts no extra harm, but heals its wielder when it wounds a living foe.
Missiles
 F - a throwing net (quivered)
Armour
 a - a +0 buckler (worn)
 e - a +2 cloak of invisibility (worn)
 n - a +0 helmet (worn)
 o - a +2 pair of boots of flying (worn)
 M - a +0 pair of gloves (worn)
 S - a +1 robe of resistance (worn)
Jewellery
 q - the amulet "Pashrats" (around neck) {rElec rN+ MR+++ Regen+ Str-5}
   (You found it on level 5 of the Lair of Beasts)

   [amulet of regeneration]

   It affects your strength (-5).
   It insulates you from electricity.
   It protects you from negative energy.
   It affects your resistance to hostile enchantments.
   It increases your rate of regeneration.
 z - the ring "Xewuam" (right hand) {*Corrode rC++ MP+9}
   (You found it on level 9 of the Dungeon)

   [ring of magical power]

   It greatly protects you from cold.
   It affects your magic capacity (+9).
   It may corrode you when you take damage.
 L - the ring of Wasurph {rF+ rN+ Int+3 Dex-5 Stlth-}
   (You bought it in a shop on level 2 of the Orcish Mines)

   [ring of attention]

   It affects your intelligence (+3).
   It affects your dexterity (-5).
   It protects you from fire.
   It protects you from negative energy.
   It makes you less stealthy.
 R - an uncursed ring of wizardry
 V - a +6 ring of protection (left hand)
Wands
 A - a wand of random effects (25)
 H - a wand of iceblast (15)
 I - a wand of scattershot (1)
 Q - a wand of paralysis (24)
 T - a wand of clouds (3)
 U - a wand of disintegration (5)
 X - a wand of acid (16)
Scrolls
 b - 10 scrolls of remove curse {@r2}
 f - 4 scrolls of fear
 j - 3 scrolls of magic mapping
 l - a scroll of enchant armour
 u - a scroll of silence
 v - a scroll of summoning
 w - 5 scrolls of teleportation
 B - 2 scrolls of immolation
 C - 4 scrolls of fog
 D - a scroll of holy word
 J - 2 scrolls of amnesia
Potions
 d - 3 potions of mutation
 g - 8 potions of flight
 h - 3 potions of invisibility
 i - 2 potions of cancellation
 k - 6 potions of brilliance
 m - 8 potions of curing {@q1}
 p - 6 potions of lignification
 r - 4 potions of might
 t - 3 potions of agility
 x - 3 potions of magic
 E - 4 potions of haste
 G - a potion of heal wounds
 K - 3 potions of degeneration {unknown}
 P - 2 potions of resistance
Miscellaneous
 N - a phantom mirror
 O - a box of beasts
Comestibles
 c - 46 rations


   Skills:
 + Level 7.0 Fighting
 - Level 8.0 Short Blades
 - Level 10.0 Dodging
 + Level 13.1 Stealth
 - Level 5.6 Shields
 + Level 10.9 Spellcasting
 + Level 11.6 Summonings
 + Level 13.2 Necromancy
 - Level 5.0 Ice Magic
 - Level 5.0 Air Magic
 - Level 10.0 Earth Magic
 - Level 6.0 Evocations


You had 2 spell levels left.
You knew the following spells:

 Your Spells              Type           Power        Failure   Level  Hunger
a - Summon Small Mammal   Summ           ####         1%          1    None
b - Call Imp              Summ           ######..     1%          2    None
c - Call Canine Familiar  Summ           ######..     1%          3    None
d - Pain                  Necr           ####         1%          1    None
e - Summon Ice Beast      Ice/Summ       #####...     1%          4    ##.....
f - Borgnjor's Vile Clut  Necr/Erth      ######....   1%          5    ####...
h - Summon Lightning Spi  Summ/Air       #####...     1%          4    ##.....
i - Haunt                 Necr/Summ      ######....   30%         7    #######
j - Regeneration          Chrm/Necr      #####.....   1%          3    None
k - Animate Dead          Necr           N/A          1%          4    ##.....

Your spell library contained the following spells:

 Spells                   Type           Power        Failure   Level  Hunger
 Animate Skeleton         Necr           N/A          1%          1    None
 Sublimation of Blood     Necr           ######....   1%          2    None
 Swiftness                Chrm/Air       ###.....     3%          2    None
 Flame Tongue             Conj/Fire      ##...        6%          1    None
 Song of Slaying          Chrm           ##......     9%          2    None
 Summon Guardian Golem    Hex/Summ       #####...     1%          3    None
 Agony                    Necr           ######..     1%          5    ####...
 Dispel Undead            Necr           ######..     1%          5    ####...
 Static Discharge         Conj/Air       ###.....     6%          3    None
 Ignite Poison            Fire/Tmut/Pois ##......     19%         3    None
 Inner Flame              Hex/Fire       ##......     19%         3    None
 Simulacrum               Ice/Necr       #####.....   22%         6    ######.
 Cause Fear               Hex            ##........   52%         4    ##.....
 Lightning Bolt           Conj/Air       ###.......   52%         5    ####...
 Metabolic Englaciation   Hex/Ice        ###.......   52%         5    ####...
 Ozocubu's Refrigeration  Ice            ####......   75%         6    ######.
 Fireball                 Conj/Fire      ##........   86%         5    ####...
 Borgnjor's Revivificati  Necr           ######....   86%         8    #######
 Infestation              Necr           ######....   86%         8    #######
 Bolt of Cold             Conj/Ice       ###.......   97%         6    ######.
 Deflect Missiles         Chrm/Air       ###.......   97%         6    ######.
 Bolt of Fire             Conj/Fire      ##........   100%        6    ######.
 Dragon Form              Tmut           ##........   100%        7    #######
 Death's Door             Chrm/Necr      #####.....   100%        8    #######
 Ignition                 Fire           ##........   100%        8    #######
 Necromutation            Tmut/Necr      #####.....   100%        8    #######
 Dragon's Call            Summ           ######....   100%        9    #######
 Shatter                  Erth           ######....   100%        9    #######
 Tornado                  Air            ####......   100%        9    #######


Dungeon Overview and Level Annotations

Branches:
Dungeon (15/15)            Temple (1/1) D:4            Lair (6/6) D:9
 Shoals (0/4) Lair:3       Spider (4/4) Lair:4        Slime (0/5) Lair:6
    Orc (2/2) D:12            Elf (0/3) Orc:2        Vaults (0/5) D:13
 Depths (0/5) D:15

Altars:
Ashenzari
Cheibriados
Dithmenos
Gozag
Kikubaaqudgha
Okawaru
Qazlal
Ru
Sif Muna
Trog
Wu Jian
Xom
Yredelemnul
Zin
The Shining One
Beogh
Jiyva

Shops:
D:4 }   D:6 !   D:12 [(   D:14 ?*[}   Orc:2 (?}*

Annotations:
D:5 1 runed door
D:8 Erolcha
Lair:6 1 exclusion
Orc:2 3 runed doors, zapotec's ghost, adept DsGl


Innate Abilities, Weirdness & Mutations

You are small and have problems with some larger weapons.
You are carnivorous and can eat meat at any time.


Message History

Yer jumpin' spider zombie pounces on tha entropy wea'er but does nay damage.
Yer jumpin' spider zombie bites tha entropy wea'er.
Tha entropy wea'er hits yer jumpin' spider zombie. x2
Tha entropy wea'er hits yer jumpin' spider zombie but does nay damage.
Tha entropy wea'er barely misses yer jumpin' spider zombie.
Somethin' hits ye.
* * * LOW HITPOINT WARNIN'
* * * Somethin' hits ye!
* * * LOW HITPOINT WARNIN'
* * * Ye feel weaken'd.
Somethin' completely misses ye.
Blink ta where?
Ye be very lightly contaminated wit' residual magic.
As ye read tha scroll o' blinkin', it crumbles ta dust.
Ye hear an angry hiss.
Ye feel ye be bein' watched by somethin'.
Ye feel yer power leakin' away.
Somethin' hits ye!
Ye die...
Kikubaaqudgha rasps: "Ye haf failed me!
Welcome... death!"

#### #..######
###..#.#^#^
##^###...^...
#####.#..###.Z.ZZ.
###<#..#.#.#^.^Z####
#.^.#......##.#..##.
##..@#^#.....####.^..
#.##.....#######Z.Z.#
#....^...#.#.#.##.#..
##....##...#.^.......
###^.#...^##.#....##
...###^#Z..##.#..#.
..##.#......###.#..#.
<..
####.###.ZZ#...#..
...##
#^.....#a..#....


You could see a friendly redback zombie.

Vanquished Creatures
  An emperor scorpion (Spider:1)
  A ghost moth (Spider:2)
  2 entropy weavers
  6 hydras
  A centaur warrior (D:13)
  2 two-headed ogres
  A tengu warrior (D:15)
  4 orc high priests (Orc:2)
  8 hell knights (D:12)
  2 unseen horrors
  A wizard (D:15)
  6 orc knights
  A necromancer (D:15)
  A wolf spider zombie (D:13)
  10 ugly things
  16 wolf spiders
  13 orb spiders
  4 orc sorcerers
  A cyclops (D:14)
  2 manticores
  4 deep elf magi
  2 naga magi (D:15)
  Maurice (D:10)
  A torpor snail (Spider:2)
  5 centaur skeletons
  A gargoyle (D:11)
  4 rime drakes
  A komodo dragon (D:14)
  2 tengu conjurers (D:15)
  7 demonic crawlers
  8 trolls
  17 jumping spiders
  2 merfolk (Lair:3)
  A harpy skeleton (D:15)
  3 slime creatures (D:14)
  8 hippogriffs
  30 redbacks
  4 shadows
  18 tarantellas
  A vampire (D:10)
  2 wraiths
  6 wyverns
  42 yaks
  5 basilisks
  4 vampire mosquitoes
  A soldier ant (D:12)
  10 hell hounds
  A water moccasin (Lair:1)
  4 sky beasts
  2 porcupines
  A hornet zombie (D:13)
  An ice beast (D:14)
  2 black bears
  24 orc warriors
  2 wolves (D:9)
  6 ogres
  A phantom (D:5)
  12 centaurs
  4 crocodiles
  2 big kobolds
  8 bullfrogs
  A gnoll sergeant (D:6)
  A wyvern zombie (D:7)
  2 wyvern skeletons
  4 scorpions
  6 killer bees
  5 wights (D:10)
  4 crimson imps
  6 centaur zombies
  A bullfrog zombie (D:12)
  5 hounds
  A jelly (D:14)
  10 orc priests
  A bullfrog skeleton (D:8)
  10 orc wizards
  An iguana (D:10)
  5 worker ants
  2 hound zombies
  2 worker ant zombies (D:7)
  Robin (D:4)
  7 gnolls
  A howler monkey skeleton (D:8)
  10 adders
  A shadow imp (D:13)
  An ooze (D:3)
  An adder skeleton (D:4)
  3 worms
  3 leopard geckos
  61 orcs
  8 giant cockroaches
  4 goblins
  3 hobgoblins
  4 jackals (D:8)
  6 quokkas
  3 bats
  4 frilled lizards
  A jackal skeleton (D:4)
  16 kobolds
  2 leopard gecko skeletons (D:4)
  6 rats
  A bush (D:15)
  A plant (Lair:6)
558 creatures vanquished.

Vanquished Creatures (collateral kills)
  Arachne (Spider:3)
  An ogre mage (D:13)
  3 hydras
  A two-headed ogre (D:13)
  2 unseen horrors (D:11)
  A deep elf mage (D:9)
  7 wolf spiders
  2 orb spiders (Spider:3)
  2 oklob plants (Lair:5)
  2 cyclopes (D:12)
  A manticore (D:14)
  4 black mambas
  9 elephants
  10 spiny frogs
  A demonic crawler (Spider:3)
  2 rime drakes (Lair:6)
  4 komodo dragons
  3 jumping spiders
  5 hippogriffs
  3 hornets
  8 blink frogs (Lair:3)
  A meliai zombie (D:15)
  A spriggan (D:7)
  17 redbacks
  28 yaks
  2 wyverns
  11 tarantellas
  2 basilisks
  A vampire mosquito (D:12)
  A hungry ghost (D:12)
  11 water moccasins
  An acid dragon (D:14)
  11 porcupines
  A sky beast (D:12)
  3 orc warriors
  2 ice beasts
  6 black bears
  A phantom (D:11)
  4 centaurs
  4 ogres
  12 crocodiles
  8 bullfrogs
  3 scorpions
  A wyvern skeleton (D:9)
  5 killer bees
  3 electric eels
  3 wights (D:8)
  2 howler monkeys
  2 crimson imps
  4 orc priests
  Crazy Yiuf (D:4)
  2 hounds
  4 jellies
  2 centaur skeletons
  3 worker ants
  3 iguanas
  3 orc wizards
  5 gnolls
  7 adders
  A shadow imp (D:11)
  A worm (D:3)
  12 orcs
  A bat (D:1)
  6 goblins
  7 hobgoblins
  A ball python (D:4)
  A frilled lizard (D:3)
  A jackal skeleton (D:4)
  5 kobolds
  A rat (D:1)
  2 bushes (D:15)
  2 fungi
  9 plants
303 creatures vanquished.

Vanquished Creatures (others)
  2 orc wizards
  A kobold (D:7)
  A bush (D:9)
  11 fungi
  20 plants
35 creatures vanquished.

Grand Total: 896 creatures vanquished

Notes
Turn   | Place    | Note
-------+----------+-------------------------------------------
     0 | D:1      | kuniqs the Kobold Summoner began the quest for the Orb.
     0 | D:1      | Reached XP level 1. HP: 10/10 MP: 3/3
   761 | D:1      | Reached XP level 2. HP: 13/15 MP: 5/5
  1007 | D:1      | Learned a level 2 spell: Call Imp
  1617 | D:2      | Reached XP level 3. HP: 17/19 MP: 3/6
  1858 | D:2      | Reached skill level 5 in Summonings
  2197 | D:2      | Learned a level 3 spell: Call Canine Familiar
  2434 | D:3      | You fall through a shaft!
  2534 | D:4      | Noticed Robin
  2544 | D:4      | Killed Robin
  2544 | D:4      | Reached XP level 4. HP: 21/24 MP: 0/7
  2827 | D:4      | Found a staircase to the Ecumenical Temple.
  2838 | Temple   | Entered the Ecumenical Temple
  2902 | Temple   | Became a worshipper of Kikubaaqudgha
  3361 | D:3      | Reached XP level 5. HP: 16/28 MP: 3/8
  4064 | D:4      | Reached * piety under Kikubaaqudgha
  4064 | D:4      | Identified Kikubaaqudgha's Almanac of Black Arts (Kikubaaqudgha gifted it to you on level 4 of the Dungeon)
  4064 | D:4      | Received a gift from Kikubaaqudgha
  4068 | D:4      | Learned a level 1 spell: Pain
  4076 | D:4      | Found Syppakh's Gadget Shop.
  4165 | D:4      | Reached XP level 6. HP: 11/32 MP: 2/9
  4703 | D:4      | Found a runed door.
  4707 | D:4      | Noticed Crazy Yiuf
  4744 | D:4      | Killed Crazy Yiuf
  4844 | D:5      | Entered Level 5 of the Dungeon
  4870 | D:5      | Noticed a phantom
  4997 | D:5      | Killed a phantom
  4997 | D:5      | Reached XP level 7. HP: 28/36 MP: 6/10
  5455 | D:5      | Found a runed door.
  5735 | D:5      | Got a steaming flail {crush}
  5736 | D:5      | Identified the +8 flail of the Evil Eye {crush, +Fly} (You took it off a gnoll on level 5 of the Dungeon)
  5825 | D:5      | Reached ** piety under Kikubaaqudgha
  6087 | D:6      | Found Fidachyci's Distillery.
  6090 | D:6      | Bought a potion of heal wounds for 50 gold pieces
  6090 | D:6      | Bought a potion of invisibility for 80 gold pieces
  6323 | D:6      | Reached XP level 8. HP: 41/41 MP: 4/11
  6439 | D:6      | Reached skill level 1 in Evocations
  6664 | D:7      | Noticed a yak
  6664 | D:7      | Noticed a yak
  6665 | D:7      | Noticed a yak
  6665 | D:7      | Noticed a yak
  6743 | D:6      | Killed a yak
  7051 | D:7      | Noticed a yak
  7051 | D:7      | Noticed a yak
  7071 | D:7      | Killed a yak
  7096 | D:7      | Killed a yak
  7114 | D:7      | Killed a yak
  7114 | D:7      | Reached skill level 5 in Stealth
  7116 | D:7      | Killed a yak
  7116 | D:7      | Reached XP level 9. HP: 45/45 MP: 3/12
  7277 | D:7      | Reached skill level 5 in Dodging
  7283 | D:7      | Learned a level 4 spell: Summon Ice Beast
  7339 | D:7      | Noticed a hippogriff
  7349 | D:7      | Killed a hippogriff
  7548 | D:7      | Reached skill level 10 in Summonings
  7741 | D:7      | Reached skill level 1 in Ice Magic
  8590 | D:8      | Reached skill level 5 in Evocations
  8635 | D:8      | Reached *** piety under Kikubaaqudgha
  8635 | D:8      | Identified Kikubaaqudgha's Handbook of Necromancy (Kikubaaqudgha gifted it to you on level 8 of the Dungeon)
  8635 | D:8      | Received a gift from Kikubaaqudgha
  8635 | D:8      | Reached skill level 1 in Fighting
  9146 | D:8      | Found a shimmering altar of Xom.
  9495 | D:8      | Reached XP level 10. HP: 26/53 MP: 10/14
  9696 | D:8      | Found a stormy altar of Qazlal.
  9891 | D:9      | Noticed Erolcha
 11752 | D:9      | Found a staircase to the Lair.
 11777 | D:9      | Reached **** piety under Kikubaaqudgha
 11899 | D:9      | Got an ancient brass ring
 11900 | D:9      | Identified the ring "Xewuam" {*Corrode rC++ MP+9} (You found it on level 9 of the Dungeon)
 12433 | D:9      | Noticed a deep elf mage
 12433 | D:9      | Noticed a deep elf mage
 12447 | Lair:1   | Entered Level 1 of the Lair of Beasts
 12834 | Lair:1   | Learned a level 5 spell: Borgnjor's Vile Clutch
 12850 | Lair:1   | Noticed a komodo dragon
 12858 | Lair:1   | Killed a komodo dragon
 12970 | Lair:1   | Found a stormy altar of Qazlal.
 13239 | Lair:1   | Noticed a komodo dragon
 13245 | Lair:1   | Killed a komodo dragon
 13469 | Lair:2   | Reached XP level 11. HP: 61/61 MP: 17/17
 14210 | Lair:3   | Reached skill level 1 in Necromancy
 14210 | Lair:3   | Reached skill level 1 in Earth Magic
 14285 | Lair:3   | Reached skill level 5 in Ice Magic
 15148 | Lair:3   | Reached skill level 10 in Stealth
 15163 | Lair:3   | Reached skill level 5 in Spellcasting
 15505 | Lair:4   | Noticed an elephant
 15508 | Lair:4   | Noticed an elephant
 15513 | Lair:4   | Noticed an elephant
 15515 | Lair:4   | Noticed an elephant
 15520 | Lair:4   | Noticed an elephant
 15525 | Lair:4   | Found a hole to the Spider Nest.
 15642 | Lair:4   | Killed an elephant
 15646 | Lair:4   | Killed an elephant
 15650 | Lair:4   | Killed an elephant
 15654 | Lair:4   | Killed an elephant
 15713 | Lair:4   | Learned a level 1 spell: Animate Skeleton
 16687 | Lair:4   | Killed an elephant
 16693 | Lair:4   | Learned a level 4 spell: Summon Lightning Spire
 16903 | Lair:5   | Got a flickering brass amulet
 16905 | Lair:5   | Identified the amulet "Pashrats" {rElec rN+ MR+++ Regen+ Str-5} (You found it on level 5 of the Lair of Beasts)
 16940 | Lair:5   | Noticed an oklob plant
 16941 | Lair:5   | Noticed an oklob plant
 16999 | Lair:5   | Killed an oklob plant
 17026 | Lair:5   | Killed an oklob plant
 17090 | Lair:5   | Noticed a six-headed hydra
 17109 | Lair:5   | Killed a six-headed hydra
 17109 | Lair:5   | Reached skill level 1 in Air Magic
 17109 | Lair:5   | Reached XP level 12. HP: 66/66 MP: 16/21
 17299 | Lair:5   | Reached ***** piety under Kikubaaqudgha
 17475 | Lair:5   | Noticed a four-headed hydra
 17486 | Lair:5   | Killed a four-headed hydra
 17486 | Lair:5   | Reached skill level 10 in Dodging
 17486 | Lair:5   | Reached skill level 5 in Necromancy
 17486 | Lair:5   | Reached skill level 5 in Earth Magic
 17627 | Lair:6   | Entered Level 6 of the Lair of Beasts
 17918 | Lair:6   | Noticed a five-headed hydra
 17925 | Lair:6   | Killed a five-headed hydra
 17946 | Lair:6   | Found a staircase to the Slime Pits.
 17961 | Lair:6   | Found a viscous altar of Jiyva.
 18557 | Lair:6   | Noticed an anaconda
 18579 | Lair:6   | Identified the Reference Book on Ignition and Self-Knowledge
 19235 | D:9      | Found a shadowy altar of Dithmenos.
 19334 | D:10     | Entered Level 10 of the Dungeon
 19360 | D:10     | Reached skill level 5 in Air Magic
 19457 | D:10     | Noticed Maurice
 19482 | D:10     | Killed Maurice
 19942 | D:10     | Reached XP level 13. HP: 70/70 MP: 17/22
 20763 | D:11     | Got an ebony battleaxe
 20778 | D:11     | Reached ****** piety under Kikubaaqudgha
 21860 | D:12     | Noticed a seven-headed hydra
 22082 | D:12     | Killed a seven-headed hydra
 22351 | D:12     | Found a staircase to the Orcish Mines.
 22351 | D:12     | Found Xeki's Weapon Emporium.
 22351 | D:12     | Found Tuperuh's Armour Emporium.
 22549 | D:12     | Bought the +12 Vampire's Tooth {vamp} for 960 gold pieces
 22549 | D:12     | Found the +12 Vampire's Tooth {vamp}
 22557 | D:12     | Bought a +0 pair of boots of flying for 138 gold pieces
 22718 | D:12     | Reached skill level 10 in Necromancy
 22910 | D:12     | Reached skill level 10 in Earth Magic
 23312 | D:12     | Reached skill level 1 in Short Blades
 23355 | D:12     | Reached XP level 14. HP: 54/76 MP: 4/23
 24112 | D:13     | Found a gate to the Vaults.
 24146 | D:13     | Reached skill level 1 in Shields
 24419 | D:13     | Reached skill level 5 in Short Blades
 24818 | D:14     | Found a glowing golden altar of the Shining One.
 25235 | D:14     | Found an ornate altar of the Wu Jian Council.
 25385 | D:14     | Found Jupal's Gadget Shop.
 25390 | D:14     | Bought a wand of paralysis (17) for 285 gold pieces
 25452 | D:14     | Found Morerr's General Store.
 25497 | D:14     | Found Fiolap's Magic Scroll Boutique.
 25690 | D:14     | Reached XP level 15. HP: 80/80 MP: 27/27
 25702 | D:14     | Found Poineidahe's Antique Armour Emporium.
 25730 | D:15     | Entered Level 15 of the Dungeon
 26090 | D:15     | Found a sacrificial altar of Ru.
 26158 | D:15     | Found a staircase to the Depths.
 26239 | D:15     | Found a shadowy altar of Dithmenos.
 26554 | D:15     | Received a gift from Kikubaaqudgha
 26565 | D:15     | Learned a level 7 spell: Haunt
 26639 | Orc:1    | Entered Level 1 of the Orcish Mines
 26672 | Orc:1    | Reached skill level 5 in Shields
 26923 | Orc:2    | Entered Level 2 of the Orcish Mines
 27006 | Orc:2    | Found a runed gate.
 27006 | Orc:2    | Noticed an orc warlord
 27007 | Orc:2    | Found a runed gate.
 27007 | Orc:2    | Noticed zapotec's ghost (adept DsGl)
 27008 | Orc:2    | Found a runed gate.
 27008 | Orc:2    | Found a roughly hewn altar of Beogh.
 27010 | Orc:2    | Found a roughly hewn altar of Beogh.
 27101 | Orc:2    | Found a staircase to the Elven Halls.
 28247 | Orc:2    | Found Onoz's Antique Weapon Shoppe.
 28247 | Orc:2    | Found Xihat's Assorted Antiques.
 28250 | Orc:2    | Found Tuew's Magic Scroll Shoppe.
 28250 | Orc:2    | Found Yhyfa's Gadget Boutique.
 28307 | Orc:2    | Bought a faintly glowing lapis lazuli ring for 165 gold pieces
 28307 | Orc:2    | Bought a fuming red potion for 29 gold pieces
 28307 | Orc:2    | Bought a fuming red potion for 29 gold pieces
 28312 | Orc:2    | Bought an iridescent hand axe for 152 gold pieces
 28315 | Orc:2    | Bought a scroll of identify for 20 gold pieces
 28315 | Orc:2    | Bought a scroll of acquirement for 520 gold pieces
 28316 | Orc:2    | Identified the +10 hand axe "Xiyxaiki" {venom, rF- rC++ Str+4 SInv} (You bought it in a shop on level 2 of the Orcish Mines)
 28320 | Orc:2    | Identified the ring of Wasurph {rF+ rN+ Int+3 Dex-5 Stlth-} (You bought it in a shop on level 2 of the Orcish Mines)
 28329 | Orc:2    | Identified the Papyrus of the Assistive Frostbite (You acquired it on level 2 of the Orcish Mines)
 28578 | D:6      | Bought a potion of brilliance for 40 gold pieces
 28578 | D:6      | Bought 2 potions of brilliance for 80 gold pieces
 28769 | Lair:3   | Found a staircase to the Shoals.
 28900 | Spider:1 | Entered Level 1 of the Spider Nest
 29094 | Lair:4   | Learned a level 3 spell: Regeneration
 29136 | Spider:1 | Noticed an emperor scorpion
 29170 | Spider:1 | Killed an emperor scorpion
 29485 | Spider:1 | Reached XP level 16. HP: 86/86 MP: 29/29
 29774 | Spider:1 | Reached skill level 10 in Spellcasting
 29876 | Spider:1 | Reached skill level 5 in Fighting
 30227 | Spider:1 | Learned a level 4 spell: Animate Dead
 31665 | Spider:3 | Noticed Arachne
 31678 | Spider:3 | Killed Arachne
 31972 | Spider:4 | Entered Level 4 of the Spider Nest
 32142 | Spider:4 | Lost strength.
 32146 | Spider:4 | Slain by a ghost moth

Skill      XL: |  1  2  3  4  5  6  7  8  9 10 11 12 13 14 15 16 |
---------------+-------------------------------------------------+-----
Summonings     | 5 6 7 9 10 11 | 11.6
Stealth        | 5 7 9 10 11 13 | 13.1
Evocations     | 3 5 6 |  6.0
Dodging        | 4 6 7 9 10 | 10.0
Ice Magic      | 2 4 5 |  5.0
Fighting       | 2 4 7 |  7.0
Spellcasting   | 4 6 8 9 10 | 10.9
Necromancy     | 4 7 10 11 12 13 | 13.2
Earth Magic    | 4 7 10 | 10.0
Air Magic      | 1 5 |  5.0
Short Blades   | 2 7 8 |  8.0
Shields        | 4 5 |  5.6

Action                   |  1- 3 |  4- 6 |  7- 9 | 10-12 | 13-15 | 16-18 || total
-------------------------+-------+-------+-------+-------+-------+-------++-------
Melee: Short sword       |    89 |    71 |       |       |       |       ||   160
       Unarmed           |     5 |       |       |       |       |       ||     5
       Quarterstaff      |       |    13 |    39 |       |       |       ||    52
       Flail             |       |       |   128 |    43 |       |       ||   171
       Demon whip        |       |       |       |   231 |   120 |       ||   351
       Quick blade       |       |       |       |       |   864 |   360 ||  1224
 Cast: Summon Small Mamm |    15 |       |     1 |     3 |       |       ||    19
       Call Imp          |    12 |     8 |    38 |     4 |       |       ||    62
       Call Canine Famil |     2 |    14 |    40 |    50 |    10 |       ||   116
       Summon Ice Beast  |       |       |       |   163 |    18 |       ||   181
       Animate Skeleton  |       |       |       |    33 |    29 |       ||    62
       Borgnjor's Vile C |       |       |       |    28 |   178 |    37 ||   243
       Summon Lightning  |       |       |       |    10 |    15 |       ||    25
       Pain              |       |       |       |       |    10 |       ||    10
       Regeneration      |       |       |       |       |     1 |     3 ||     4
       Animate Dead      |       |       |       |       |       |    23 ||    23
Invok: Receive Necronomi |       |       |       |       |     1 |       ||     1
       Receive Corpses   |       |       |       |       |       |     9 ||     9
 Abil: Stop Flying       |       |       |       |       |     1 |       ||     1
Evoke: Wand              |       |       |     8 |    22 |    24 |     2 ||    56
  Use: Scroll            |     5 |     3 |     3 |    13 |    11 |     4 ||    39
       Potion            |       |       |     3 |     4 |     3 |     4 ||    14
 Stab: Sleeping          |     4 |     5 |     4 |     5 |    15 |    11 ||    44
       Distracted        |     1 |     1 |       |     8 |     4 |     6 ||    20
       Paralysed         |       |       |       |       |     1 |       ||     1
  Eat: Chunk             |    14 |    10 |    22 |    68 |    85 |    19 ||   218
       Ration            |       |       |       |     2 |     2 |       ||     4
Armor: Robe              |     4 |     9 |    29 |    42 |   130 |    82 ||   296
       Skin              |       |       |       |       |    15 |       ||    15
Dodge: Dodged            |    60 |    52 |   153 |   339 |   506 |   213 ||  1323
Block: Other             |     3 |    12 |    26 |    36 |       |       ||    77
       Reflection        |       |       |     2 |       |       |       ||     2
       Buckler           |       |       |       |       |   117 |    70 ||   187
